[Event "44th Chess Olympiad Women 2022"]
[Site "Chennai"]
[Date "2022.08.01"]
[Round "4.3"]
[White "Javakhishvili, Lela"]
[Black "Sahithi Varshini M"]
[Result "1-0"]
[WhiteElo "2476"]
[BlackElo "2312"]
[Annotator "TA"]
[PlyCount "23"]
[EventDate "2022.??.??"]
[TimeControl "60"]

1. d4 Nf6 2. c4 e6 3. Nf3 b6 4. g3 Ba6 5. Nbd2 Bb7 6. Bg2 c5 7. e4 {[%emt 0:02:50] 7.0-0 is the hot move.} Nxe4 {[%emt 0:00:
00] E15: Queen's Indian: 4 g3 sidelines, 4 g3 Ba6 and 4 g3 Bb7 early
deviations.} (7... cxd4 $14 8. O-O d6) 8. Ne5 $18 Nc3 {
[%emt 0:02:40] [#]} (8... Nxf2 {keeps fighting.} 9. Kxf2 Nc6) 9. Qh5 $1 g6 10. Qh3 {[%emt 0:00:
00] [#]} Bxg2 $146 ({Predecessor:} 10... cxd4 11. bxc3 dxc3
12. Ne4 d5 13. Ng5 Qf6 14. Ngxf7 Bc5 15. O-O Rf8 16. Bg5 Qf5 17. g4 Qc2 18.
Qxh7 {1-0 (18) Kantarji,P (2440)-Krayz,A (2359) Israel 2020}) 11. Qxg2 Na6 12. bxc3 {[%emt 0:03:01]
Black got outplayed after the opening. Weighted Error Value: White=0.00 
(flawless) /Black=0.66} 1-0

[Event "44th Chess Olympiad Women 2022"]
[Site "Chennai"]
[Date "2022.08.01"]
[Round "4.3"]
[White "Nandhidhaa, P V.."]
[Black "Batsiashvili, Nino"]
[Result "1-0"]
[WhiteElo "2312"]
[BlackElo "2466"]
[Annotator "TA"]
[PlyCount "83"]
[EventDate "2022.??.??"]
[TimeControl "60"]

1. Nf3 d5 2. d4 c5 3. c4 cxd4 4. cxd5 Nf6 5. Qxd4 Qxd5 6.
Nc3 Qxd4 7. Nxd4 a6 8. g3 e5 9. Nb3 Bd7 {[%emt 0:01:08] 9...Bd7 scores better than 9...Nc6. D06: Queen's
Gambit: Symmetrical and Baltic Defences.} 10. Bg2 Bc6 11. O-O Bb4 {[%emt 0:01:08] White is slightly
better.} 12. Bd2 Bxg2 13. Kxg2 Nc6 14. a3 Bxc3 15. Bxc3 Ne4 {[%emt 0:05:07] [#]} 16. Rac1 $146 ({Predecessor:} 16. Rfc1 O-O 17. Be1 Rfd8 18. f3 Nd6 19. Bf2 Nf5 20.
Rd1 Rxd1 21. Rxd1 Rd8 22. Rxd8+ Nxd8 {½-½ (53) Agopov,M (2452)-Nouro,M (2330)
Helsinki 2012}) 16... Ke7 17. Ba5 Nf6 18. Bb6 Nd7 19. Bc5+ Nxc5 20. Nxc5 Rhc8 21. Rfd1 Nd8 22. Rd7+ Ke8 {[%emt 0:00:33] [#] White must now prevent ...b6.} 23. Rd5 f6 24. Rcd1 $36 {[%emt 0:02:02] Black is under pressure.}
Rc6 25. b4 {[%emt 0:02:22] Rd7 is the strong threat.} Rac8 26. e3 R6c7 27. Kf3 {[%emt 0:
01:55] White is much more active.} Re7 28. Rd6 Nc6 29. R1d5 Rd8 (29...
Na7 $14) 30. Ke4 (30. Rxd8+ $16 Nxd8 31. Rd6) 30... Rc8 $1 $14 31. g4 a5 ({Black should try
} 31... Na7 $1 $14) 32. b5 $16 Nd8 33. Kd3 (33. h4 $18) 33... Nf7 34. Re6 b6 $2 {[%emt 0:00:49] [#] A mistake that costs the game.} ({Better is} 34...
Rxe6 $14 35. Nxe6 g6) 35. Rxb6 $18 Rec7 36.
Ne4 Ke7 37. Ra6 {[%emt 0:00:19] White is
clearly winning.} Rb8 38. a4 Nd8 39. Rxa5 Rb6 40. Ra8 Nb7 41. a5 Re6 42. b6 {[%emt 0:00:00] Weighted Error Value: White=0.11 (very precise) /
Black=0.36} 1-0

[Event "44th Chess Olympiad Women 2022"]
[Site "Chennai"]
[Date "2022.08.01"]
[Round "4.3"]
[White "Pratyusha, Bodda"]
[Black "Melia, Salome"]
[Result "0-1"]
[WhiteElo "2310"]
[BlackElo "2384"]
[Annotator "TA"]
[PlyCount "72"]
[EventDate "2022.??.??"]
[TimeControl "60"]

1. d4 Nf6 2. c4 e6 3. Nc3 Bb4 4. e3 O-O 5. Bd3 d5 6. cxd5 exd5 7. Nge2 Re8 8.
Bd2 {[%emt 0:00:19] E48: Nimzo-Indian: Rubinstein: 5 Bd3 d5 including 6 Ne2,
but excluding 6 a3.} Bd6 9. Rc1 a6 {[%emt 0:
00:00] Prevents Nb5.} 10. O-O {[%emt 0:05:36] The position is equal.} b6 11. f3 c5 12. Qe1 Nc6 13. Qh4 h6 14.
Kh1 {[%emt 0:01:55] [#]} a5 $146 ({Predecessor:} 14... Ra7 15.
g4 Be7 16. Qf2 Rc7 17. Ng3 Bf8 18. Kg2 g6 19. h4 Bg7 20. Nce2 Qd6 {½-½ (41)
Rakhmanov,A (2489)-Rasmussen,A (2519) Athens 2008}) 15. Rfd1 Ba6 16. Bxa6 Rxa6 17. dxc5 ({White should try} 17. a3 $11) 17...
bxc5 $15 18. Na4 Nb4 ({
Black should play} 18... Qe7 $15) 19. Bxb4 (19. Nxc5 $11 Rb6
20. Na4) 19... cxb4 20. Rd3 {[%emt 0:04:07] [#] White is now
going downhill.} Qd7 $1 21. b3 Rc6 22. Rcd1 (22. Rxc6 $17 Qxc6 23. Qe1) 22... Rc2 $19 23. Qe1 Rxa2 24. Rc1 $2 (24. Nd4 {keeps fighting.}) 24... Qf5 25. Qd1 Qh5 26. h3 Qh4 {[%emt 0:07:22] White must now prevent ...Qf2.} 27. Rc6 $2 (27. Kg1 Qg5 28. Rc2 Rxc2 29. Qxc2) 27... Qf2 28. Rd2 Rxd2 29. Qxd2 Rxe3 {[%emt 0:02:33][%cal Yf6h5] ( -> ...Nh5!)} 30. Rc8+ Kh7 {[%emt 0:00:36] Black mates.} 31. Rc2 {[%emt 0:00:50] [#]}
Ne4 $1 32. Qd1 {[%emt 0:00:00] [#]} (
32. Qxe3 Qe1+) 32... Rxe2 $1 33. Rxe2 Ng3+ 34. Kh2 Nxe2+ 35. Kh1 {
[%emt 0:00:01] [#]} Qg3 $1 36. Qc2+ g6 {[%emt 0:00:07] Weighted Error Value: White=0.79/Black=0.15
(very precise)} 0-1

[Event "44th Chess Olympiad Women 2022"]
[Site "Chennai"]
[Date "2022.08.01"]
[Round "4.4"]
[White "Roebers, Eline"]
[Black "Kashlinskaya, Alina"]
[Result "1/2-1/2"]
[WhiteElo "2344"]
[BlackElo "2505"]
[Annotator "TA"]
[PlyCount "115"]
[EventDate "2022.??.??"]
[TimeControl "60"]

1. e4 e5 2.
Nf3 Nf6 3. d4 Nxe4 4. Bd3 d5 5. Nxe5 Nd7 6. Nc3 Nxc3 7. bxc3 Nxe5 8. dxe5 Be7 9. O-O $1 {[%emt 0:02:11] 9.0-0 scores better than 9.Qh5.} O-O {[%emt 0:
00:00] C43: Petroff Defence: 3 d4.} 10. f4 Bc5+ 11. Kh1 f5 {[%emt 0:06:27] [#] White has an edge.} 12.
Rb1 $146 ({Predecessor:} 12. Qe2 c6 13. Bd2 Be6 14. a4 Rf7 15.
Rfd1 Rd7 16. Be1 g6 17. h3 g5 18. Bf2 Bxf2 19. Qxf2 gxf4 {1-0 (48) Nickel,A 
(2642)-Mueller,G (2575) ICCF email 2010}) 12... b6 13. Qe2 Be6 14. Bb5 Qe7 15. Rd1 Rad8 16. Be3 Bxe3 17. Qxe3 c5 18. Be2 Qd7 19. c4 d4 20. Qb3 Qe7 21. a4 Qc7 22. Ra1 Rd7 23. Bf3 Rfd8 (23... g5 $5 ) 24. h4 Kh8 25. Qb5 ({White should try} 25. Kg1 $14) 25... Rb8 $11 26. g3 Qc8 27. Qb3 Qg8 28. Be2 a6 29. Qd3 b5 30. axb5 axb5 31.
cxb5 {[%emt 0:00:12] Black must now prevent c4.} c4 32. Qa3
$36 {[%emt 0:00:07] next Qb4 is good for White. White has the initiative.} Bd5+ 33. Kg1 (33. Kh2 $5 ) 33... Be4 34. Qa2 Rc8 35. Bf1 Qd5 36. b6 h6 37. Qa6 Qc5 (37... Rb7 $11 {keeps the
balance.} 38. Kh2 Qc5) 38. Ra5 $16 Qc6 39.
Ra4 $2 (39. b7 $1 $16 Qxa6 40. Rxa6 Bxb7 41.
Ra7) 39... d3 $1 $17 40. cxd3 cxd3 {[%emt 0:
03:44] ( -> ...Qc5+)} 41. Ra2 Rb8 {[%emt 0:16:04] Black has
strong compensation.} 42. Rb2 $2 (42. Kh2 $17) 42... Qc5+ $19 43. Kh2 {[%emt 0:00:05] [#]} Rdb7 $1 44. Qb5 {[%emt 0:00:00] [#]} ({But not} 44. Bxd3 Rxb6 45. Rc2 Qxc2+ 46.
Bxc2 Rxa6 $19) 44... Qe3 (44... Qc8 $1 $19 45. Qa5 (45. Bxd3
$2 Rxb6 46. Qxb6 Rxb6 $19) 45... Rxb6 46. Rxb6 Rxb6 47. Bxd3 Rb2+ 48. Rd2 Rxd2+
49. Qxd2 Qd7) 45. Rxd3 $11 {[%emt 0:01:25] Dancing on a razor blade. The
position is equal.} ({Avoid the trap} 45. Bxd3 $2 Bf3 46. Bxf5 Bxd1 $19) 45...
Bxd3 46. Qxd3 Qxd3 (46...
Qe4 {seems wilder.} 47. Qxe4 fxe4 48. Rb4 Rxb6 49. Rxe4 Rb4) 47. Bxd3 Rxb6 48. Rxb6 Rxb6 49. Bxf5 {[%emt 0:00:05] Endgame KR-KB} Kg8 50. Kh3 Kf7 51. Kg4 Rb4 52.
Bd3 Rd4 53. Bb1 Ra4 54. Bc2 Ra3 55. h5 Rc3 56. Be4 Re3 57.
Bd5+ Ke7 58. Kh4 {[%emt 0:01:45] Black had
all chances to win. Weighted Error Value: White=0.23 (precise) /Black=0.18 
(very precise)} 1/2-1/2

[Event "44th Chess Olympiad Women 2022"]
[Site "Chennai"]
[Date "2022.08.01"]
[Round "4.4"]
[White "Rudzinska, Michalina"]
[Black "Lanchava, Tea"]
[Result "1-0"]
[WhiteElo "2315"]
[BlackElo "2257"]
[Annotator "TA"]
[PlyCount "85"]
[EventDate "2022.??.??"]
[TimeControl "60"]

1. e4 c6 2. d4 g6 3. Nc3 Bg7 4. f4 d5 5. e5 h5 6. h3 Nh6 7. Be3 a5 {[%emt 0:05:56] [#] B15: Caro-Kann: 3 Nc3:3...g6 and 3...
dxe4 4 Nxe4 Nf6 5 Nxf6+ exf6.} 8. a4 $146 ({Predecessor:} 8.
Nf3 Na6 9. g3 Nc7 10. Qd2 b6 11. Be2 Ne6 12. O-O-O Nf5 13. Bf2 Bh6 14. Bd3 Ba6
15. Bxa6 Rxa6 {1-0 (28) Acs,P (2410)-Mihajlovskij,S (2245) Menorca 1996}) 8...
Na6 9. Nf3 Nf5 {[%emt 0:10:39] White is
slightly better.} 10. Bf2 h4 11. Be2 Bf8 12. Qd2 e6 13. O-O b6 14. Nd1 Nc7 15. Ne3 Ba6 16. Ng4 Be7 {[%emt 0:00:48] Inhibits Nf6+.} 17. Rfc1 Bxe2 18. Qxe2 Na6 19. c4 Kf8 20. cxd5 Qxd5 21. Nf6 Bxf6 22. exf6 Nb4 23. Rd1 Qd6 24. Qe5 Rd8 {[%emt 0:02:55] [#]} (24... Qd8 $11) 25. d5 $1 $16 cxd5 {[%emt 0:04:31] This move loses the game for Black.} (
25... Nxd5 $16 26. Bxb6 Ra8) 26. Qxd6+ $18 Nxd6 (26... Rxd6 $2 27. Rac1 Nc6 28. Ne5 $18) 27. Bxb6 Ra8 28. Bc5 Ra6 29. Rac1 Ke8 30. Bxd6 (30. Ne5 Rh5 31.
Bxd6 Rxd6 $18) 30... Rxd6 31. Rc8+ Rd8 32. Rdc1 {[%emt 0:00:35] And now Ne5 would win.} Rh5 33. Ng5 ({Not} 33. Ne5 Rf5 $16) 33... Rxc8 (33... d4 34. Rxd8+ Kxd8 35. Nxf7+ Kd7) 34. Rxc8+ {[%emt 0:00:00]
Endgame KRN-KRN} Kd7 35. Ra8 (35. Rf8 $142)
35... d4 36. Rxa5 {[%emt 0:04:57] Ra7+ is the strong threat.}
Nd5 (36... Kc6 {keeps fighting.} 37. Rb5 Nd5 38. Nxf7 d3) 37.
Nxf7 d3 {[%emt 0:00:18] [#] aiming for ...d2.} 38. Kf2 $1 Nxf4 $2 (38... Kc7) 39. Rxh5 {[%emt 0:01:05]
White is clearly winning.} gxh5 40. Ne5+ Kc7 41. f7 d2 42. f8=Q {[%emt 0:
00:09] White threatens Qc5+ and mate.} d1=Q 43. Qxf4 {[%emt 0:
00:15] Weighted Error Value: White=0.19 (very precise) / Black=0.55} 1-0

[Event "44th Chess Olympiad Women 2022"]
[Site "Chennai"]
[Date "2022.08.01"]
[Round "4.4"]
[White "Socko, Monika"]
[Black "Peng, Zhaoqin"]
[Result "1-0"]
[WhiteElo "2416"]
[BlackElo "2349"]
[Annotator "TA"]
[PlyCount "73"]
[EventDate "2022.??.??"]
[TimeControl "60"]

1. d4 d5 2. c4 dxc4 3. e4 e5 4.
Nf3 exd4 5. Bxc4 Bb4+ 6. Nbd2 Nc6 7. O-O Nf6 8. e5 Nd5 9. Nb3
{[%emt 0:00:19] D20: Queen's Gambit Accepted: 3 e3 and 3 e4.} O-O 10. Nbxd4 Nde7 {[%emt 0:05:09] [#]} 11. Bg5 $146 {
[%emt 0:09:38][%cal Yc1g5,Yg5e3,Ye3d4] White is slightly better.} ({
Predecessor:} 11. e6 fxe6 12. Nxe6 Bxe6 13. Bxe6+ Kh8 14. Qb3 Ng6 15. Ng5 Nf4
16. Bxf4 Rxf4 17. Nf7+ Rxf7 18. Bxf7 {1-0 (31) Cheung,J-Van Den Broek,W
Netherlands 2001}) 11... Nxd4 12. Nxd4 h6 {
[%emt 0:00:04] [#]} 13. Be3 a6 (13... c6 $142
) 14. Qf3 ({White should play} 14. a3 Ba5 15. e6 fxe6 16. Nxe6
Qxd1 17. Rfxd1 (17. Raxd1 Bxe6 18. Bxe6+ Kh8 $16) 17... Bxe6 18. Bxe6+ Kh8 19.
Rd7) 14... Qe8 15. Qe4 Bc5 16. Bd3 {[%emt 0:08:04][%csl Gd3][%cal Re4h7] 0x0.001f21054b64dp-1022s more
active pieces. The black rooks are badly placed.} Ng6 17. f4 Bxd4 (17... Bb6 $16) 18. Bxd4 $18 {[%emt 0:00:
00] f5 is the strong threat.} Qc6 19. Qxc6 bxc6 20. Be4 (20. Bc5 $18) 20... Ne7 $16 21. Bc5 {[%emt 0:03:30] A strong pair of Bishops.} Re8 22. Bxe7 Rxe7 23. Bxc6 Rb8 24. b3 g5 25. Rad1 {[%emt 0:04:10] Threatens to win with Rd8+.} Bg4 26. Rd4 gxf4 27. Rdxf4 Bh5 {
[%emt 0:02:22] [#]} 28. Re1 $1 Rb6 29. Rc4 Kg7 30. h4 Bg6 31. Kf2 Bf5 32. Bf3 Rb5 33. g4 Be6 34. Rc6 a5 35. Re3 (35. Rc2 $16)
35... Bd5 (35... a4 $11 {keeps the balance.}) 36. Rc2 Be6 37. Kg3 {[%emt 0:00:38] Weighted Error
Value: White=0.14 (very precise) /Black=0.22 (precise)} 1-0

[Event "44th Chess Olympiad Women 2022"]
[Site "Chennai"]
[Date "2022.08.01"]
[Round "4.4"]
[White "Van Foreest, Machteld"]
[Black "Kiolbasa, Oliwia"]
[Result "0-1"]
[WhiteElo "2299"]
[BlackElo "2376"]
[Annotator "TA"]
[PlyCount "80"]
[EventDate "2022.??.??"]
[TimeControl "60"]

1. e4 e5 2. Nf3 Nc6 3. d4 exd4 4. Nxd4 Bc5 5. Nb3 Bb6 6. Nc3 Nf6 7.
Bg5 h6 {[%emt 0:01:56] 7...0-0 is the hot move.} 8. Bh4 $1 O-O {[%emt 0:01:56] C45: Scotch Game.} 9. Qe2 a5 10. a4 $1 Nd4 {[%emt 0:00:49] The
position is equal.} 11. Qd3 Nxb3 12. cxb3 c6 13. Be2 {[%emt 0:08:02] Black must now
prevent e5.} Re8 $36 {[%emt 0:11:29] [#] Black is pushing.} 14. O-O-O $146 ({Predecessor:} 14. f4 d5 15. e5 g5 16. fxg5 Ng4 17. Bxg4 Bxg4
18. Qg3 Qd7 19. Kd2 Rxe5 20. Rae1 Rxe1 21. Rxe1 {0-1 (49) Tomczak,J (2625)
-Sanal,V (2545) Batumi 2019}) 14... d5 15. f4 (15. exd5 $11 {remains equal.} g5 16. Bg3) 15... g5 {[%emt 0:00:00] White is
on the road to losing.} (15... dxe4 16. Nxe4 Qxd3 17. Nxf6+ gxf6 18. Bxd3 $11)
16. fxg5 Nxe4 17. Rhf1 {[%emt 0:04:52]
Prevents Bf5. And now Bh5 would win.} hxg5 18. Bh5 gxh4 $19 19. Bxf7+ Kg7 $1 {[%emt 0:
01:09] Strongly threatening ...Qg5+.} 20. Bxe8 Qg5+ $1 (20... Qxe8 21. Rde1 Nf2 22. Qd2 $11 (22. Rxe8 Nxd3+ 23. Kd2
Bc5 $17) (22. Qf3 Bg4 $17)) 21. Kb1 {[%emt 0:02:35] [#]} Nf2 $1 {[%emt 0:00:09]
Chess con chili. Active counter play!} 22. Rxf2 ({But not} 22.
Qc2 $2 Bf5 23. Rxf2 Bxf2 $19) 22... Bxf2 23. Ka2 {[%emt 0:02:
52] [#]} Bf5 $1 24. Qf3 (24. Qe2 $142 Be3 25.
Bh5) 24... Be3 {[%emt 0:05:23] This bishop pair is nice.} ({Inferior is} 24...
Rxe8 25. Qxf2 Re7 26. Rf1 $11) 25. Rf1 (25. g4 {was called
for.} hxg3 26. h4) 25... Rxe8 26. Qxf5 Qxf5 27. Rxf5 {[%emt 0:00:03] Endgame KRB-KRN} d4 28. Nd1 Bg1 29. Nf2 (29. b4 $142 axb4 30. h3) 29... Kg6 30. Rf4 Bxf2 ({Stronger than} 30... Bxh2 31. Rxh4 Be5
32. Kb1 $15) 31. Rxf2 {[%emt 0:00:00] KR-KR} d3 {[%emt 0:00:06] ...Rd8 is the
strong threat.} 32. Rd2 Rd8 33. b4 $2 (33. Kb1 Kf5 34. Kc1) 33... axb4 34. b3 Kf5 {[%emt 0:00:00] Black mates.} 35. Kb2 Ke4 36. Kc1 Ke3 37. g3 h3 38. g4 Rg8 39.
Rd1 Rxg4 40. Re1+ Kd4 {
[%emt 0:00:06] Weighted Error Value: White=0.44/Black=0.01 (flawless)} 0-1

[Event "44th Chess Olympiad Women 2022"]
[Site "Chennai"]
[Date "2022.08.01"]
[Round "4.5"]
[White "Blagojevic, Tijana"]
[Black "Guichard, Pauline"]
[Result "1/2-1/2"]
[WhiteElo "2330"]
[BlackElo "2379"]
[Annotator "TA"]
[PlyCount "109"]
[EventDate "2022.??.??"]
[TimeControl "60"]

1. e4 e5 2. Nf3 Nc6 3. Nc3 Nf6 4. d4 exd4 5. Nxd4 Bb4 6. Nxc6 bxc6 7. Bd3 d5 8. exd5 O-O {[%emt 0:00:
00] is cutting edge theory.} 9. O-O cxd5 10.
Qf3 {[%emt 0:00:20] C47: Scotch Four Knights and Four Knights with 4 g3.} Bg4 11. Qg3 Qd7 12. h3 Bd6 13. Bf4 Bxf4 14.
Qxf4 {[%emt 0:00:07] [#]} Bh5 $146 ({Predecessor:} 14... Be6
15. Rad1 c5 16. Qg5 Rab8 17. b3 h6 18. Qh4 Qc7 19. Nb5 Qc6 20. c4 d4 {0-1 (46)
Saravanan,K-Cook,M (2017) England 2014}) 15. Qd4 c6 16. Rfe1 Rfe8 17. Na4 Bg6 18. Nc5 Qc7 19. Qc3 Bxd3 20. cxd3 Nd7 21. Nb3 c5 22. Rac1 Qb6 23. Rc2 (
23. Rxe8+ {keeps more tension.} Rxe8 24. Nxc5 Nxc5 25. Qxc5 Qxb2 26. Qe3) 23...
d4 24. Qd2 h6 25. Qd1 Qb5 26. Rce2 Rxe2 27. Rxe2 a5 28. Re7 Nf6 {[%emt 0:05:03] Against Qh5} 29. Qc2 a4 30. Qxc5 Qxd3 31. Nxd4 $40 {[%emt 0:00:53]
White attacks.} Qb1+ 32. Kh2 Qxb2 33. Qc4 Rf8 34. Re2 Qb8+ 35. g3 Qa8 36. Nc6 a3 (36... Re8 $11 {keeps the balance.} 37.
Rxe8+ Nxe8) 37. Re7 $16 Nh7 (37... Kh7 $142)
38. Ra7 Qe8 39. Re7 Qa8 40. Ra7 Qe8 41. Ne7+ Kh8 42. Qc3 {[%emt 0:00:27][%cal Ye7g6]
Strongly threatening Ng6+! White is much more active.} Qb8 43.
Ng6+ Kg8 $11 {[%emt 0:00:11] [#]} 44. Ne7+ ({
Reject} 44. Nxf8 Qxa7 45. Nxh7 Qxf2+ 46. Kh1 Qxa2 47. Nf6+ gxf6 48. Qc8+ Kh7
49. Qf5+ Kh8 50. Qc8+ Kh7 51. Qf5+ Kh8 52. Qc8+ Kh7 $17) (44. Rc7 $1 $11 Rd8
45. Ne7+ (45. Qc4 Ng5 $11) 45... Kh8 46. Rc8 Rxc8 47. Qxc8+ Qxc8 48. Nxc8)
44... Kh8 $16 45. Nf5 Nf6 46. Qxa3 Kh7 47. Kg2 Qe5 48. Qxf8 (48. Qf3 $16) 48... Qe4+
$11 {[%emt 0:00:12] The position is equal.} 49. Kh2 {[%emt 0:00:45][%csl Gf5]
[%cal Rf8g7] [#]} Qxf5 {[%emt 0:00:11] Endgame KQR-KQN} 50. Kg1 Qb1+ 51. Kg2 Qe4+ 52. Kg1 Qb1+ 53. Kg2 Qe4+ 54. Kg1 Qb1+ 55. Kg2 {[%emt 0:00:56]
Weighted Error Value: White=0.18 (very precise) /Black=0.09 (flawless)} 1/2-1/2

[Event "44th Chess Olympiad Women 2022"]
[Site "Chennai"]
[Date "2022.08.01"]
[Round "4.5"]
[White "Gajcin, Marina"]
[Black "Navrotescu, Andreea"]
[Result "0-1"]
[WhiteElo "2271"]
[BlackElo "2373"]
[Annotator "TA"]
[PlyCount "132"]
[EventDate "2022.??.??"]
[TimeControl "60"]

1. e4 e5 2. Nf3 Nc6 3. Bc4 Bc5 4. c3 Nf6 5. d3 O-O 6. O-O d5 7. exd5 Nxd5 8. Nbd2 {[%emt 0:07:45] C54: Giuoco Piano: 4 c3 Nf6, main lines with 5 d4
and 5 d3.} Nb6 9. b4 Be7 10.
Re1 {[%emt 0:19:26] The position is equal.} Bf6 {[%emt 0:06:42] [#]} 11. Ne4
$146 ({Predecessor:} 11. a4 Bf5 12. Bb5 Bxd3 13. Bxc6 bxc6 14.
Nxe5 Bf5 15. Ndf3 Bxe5 16. Nxe5 Qf6 17. Bf4 {1-0 (58) Malicka,M (2307)-Kolaric,
S (2185) Warsaw 2021}) 11... Nxc4 12. dxc4 Bg4 13. Be3 Qxd1 14. Raxd1 b6 (14... Be7 $15) 15. h3 $11 Be6 16. Nxf6+ gxf6 17. Bh6 Rfd8 18. Nd2 Kh8 19. Ne4 Rg8 20. Kh2 ({
Of course not} 20. Nxf6 Rg6 21. Nd5 Rxh6 $17) (20. Bc1 $11 {keeps the balance.}
) 20... Rg6 ({Black should play} 20... f5 $1 $17 {aiming for .
..Rg6.} 21. Ng5 Bxc4) 21. Bc1 $1 Bxc4 22. Rd7 Rc8 $36 {[%emt 0:01:03] Black is more active.} ({But not} 
22... Bxa2 23. Rxc7 f5 24. Ng5 $11) 23. b5 Nb8 24. Re7 Bxa2 ({Black should try} 24... Bxb5
$17 {Strongly threatening ...Bc4.} 25. f4 f5 26. Rxe5 Bd7) 25. h4 {[%emt 0:00:
44] [#]} (25. g4 $11) 25... h5 (25... f5 $1 $17 26. Nd2 (26. Ng5 $2 f6 $17) 26... f6) 26. f4 (26. g4 $1 $14
Rxg4 27. Nxf6 Rxh4+ 28. Kg3) 26... f5 $15 27. Ng5 f6 28. Ne6 {[%emt 0:03:46] [#]} (28. Nf3 $1 $11 {was the
only way to keep the balance.} Rcg8 29. Re2) 28... Nd7 $1 29.
Rxd7 Bxe6 30. Re7 Bd5 31. Re2 (31. g3 $17 {was called for.}) 31...
Rcg8 $19 32. fxe5 Rxg2+ 33. Rxg2 Rxg2+ {[%emt 0:00:08] Endgame KRB-KRB} 34.
Kh3 Rc2 35. Bh6 {[%emt 0:01:25]
[#]} Rxc3+ (35... fxe5 $142 $1 {And now ...Re2 would win.} 36.
Bg7+ Kg8 37. Bxe5 Re2) 36. Kh2 $17 fxe5 (
36... Rc2+ $142 37. Kg3 Rc3+ 38. Kf2 fxe5 39. Bg7+ Kg8 40. Bxe5 Rf3+ 41. Ke2
Rh3 42. Rg7+ Kf8 43. Rxc7 Rxh4 44. Bd6+ Kg8 45. Rxa7 Rc4) 37. Bg7+ {[%emt 0:00:
25] White does not recover from this.} (37. Rxe5 $17 Kh7 38. Bf4 Rc2+ 39. Kg3)
37... Kg8 $19 38. Bxe5 Re3 39. Rg7+ Kf8 40. Bf6 Re6 41. Bc3 f4 42. Rxc7 Re2+ 43. Kg1 f3 44. Bd4 Re4 45.
Bf2 Rg4+ 46. Kh1 $2 (46. Kf1
) 46... Rg2 47. Rc2 Kf7 48.
Rd2 Ke6 49. Rc2 Kf5 50. Rd2 Bc4 51. Rd4 Rxf2 52. Rxc4 {[%emt 0:00:07] KR-KR} Rb2 53. Kg1 Rxb5 54. Kf2 Rb3 {[%emt 0:00:18] ...a5 is the strong threat.} 55. Kg3 a5 {
[%emt 0:00:20][%cal Ya7a5,Ya5a4,Ya4a3] Threatens to win with ...b5.} 56. Rf4+ Ke5 {[%emt 0:00:54][%cal Yf3f2] ( -> ...f2+!)} 57. Rf8 a4 {[%emt 0:00:26] Black mates.} 58. Rh8 a3 59. Rxh5+ Ke4 60. Rh8 Rb5 61. Re8+ Re5 62. Ra8 Ra5 63. Re8+ Kd3 64. Re1 a2 65. Ra1 Ke2 66. h5 f2 {[%emt 0:00:20]
Weighted Error Value: White=0.53/Black=0.19 (very precise)} 0-1

[Event "44th Chess Olympiad Women 2022"]
[Site "Chennai"]
[Date "2022.08.01"]
[Round "4.5"]
[White "Milliet, Sophie"]
[Black "Eric, Jovana"]
[Result "1-0"]
[WhiteElo "2396"]
[BlackElo "2271"]
[Annotator "TA"]
[PlyCount "89"]
[EventDate "2022.??.??"]
[TimeControl "60"]

1. e4 c5 2. Nf3 d6 3. d4 cxd4 4. Nxd4 Nf6 5. Nc3 a6 6. Be3 e6 7. f3 b5 8. a3 {
[%emt 0:00:48] B80: Sicilian Scheveningen: 6 g3 and 6 Be3, including English
Attack.} Nbd7 9. g4 Nb6 10.
Qd2 {[%emt 0:05:32] White is slightly better.} Bb7 11. O-O-O Rc8 12. h4 Nfd7 13. Rh3 Ne5 14. Qe1 Nbc4 15. Bg1 {[%emt 0:00:27] [#]} Qa5 $146 ({
Predecessor:} 15... Be7 16. g5 Ng6 17. Bxc4 Rxc4 18. Be3 Qc8 19. Nde2 O-O 20.
h5 Ne5 21. b3 b4 22. bxc4 Nxc4 23. axb4 Nxe3 {½-½ (41) Fric,L (2235)
-Laghetti,G (2346) FICGS email 2010}) 16. Nb3 Qc7 17. Bd4 Nc6 18. f4 $1 Nxd4 19. Nxd4 Be7 20. f5 e5 21. Nb3 O-O 22. g5 Rfd8 23. f6 Bf8 (23... gxf6 $14
24. gxf6 Bxf6) 24. fxg7 {[%emt 0:08:02] White is more active.} Be7 (24... Bxg7 $16 25. Kb1 Qb6) 25. Rhd3 $18 (25. Bxc4 bxc4
26. Nd2 (26. Nd5 $2 Bxd5 27. Nd4 exd4 $19) 26... d5 $16) 25... b4 26. axb4 d5 27. exd5 Bxb4 28. Bh3 Rb8 29. h5 Qe7 30. Qh4 Bxc3 31. Rxc3 {[%emt 0:00:23] Dancing on a razor
blade.} (31. Qxc4 Bd4 $18) 31... Nb6 32. h6 Nxd5 33. Rcd3 e4 34. Rd4 {
[%emt 0:00:16] Black must now prevent Bf5.} e3 35. Re4 {
[%emt 0:00:54] [#] Against Qe5} (35. g6 $18 Qxh4 36. gxf7+ (36. Rxh4 hxg6 37.
Rhd4 Kh7 $16) 36... Kxf7 37. Rxh4) 35... Qc7 $4 {[%emt 0:00:26] [#]} (35... Nc3
$1 $19 {[%csl Gc3][%cal Rd8d1] and all is fine.} 36. Red4 Ne2+ 37. Kb1 Nxd4 38.
Rxd4 e2) 36. Bf5 $1 Re8 37. Re1 Nb6 $2 (37... Rbd8 38. Rd4 Re5) 38. R4xe3 Rxe3 39. Rxe3 {[%emt 0:00:00][%cal Yb3c5] Hoping for Nc5!}
Nc4 {[%emt 0:00:44] [#]} 40. Rc3 (40. Bxh7+ $142 $1 Kxh7 41.
g6+ fxg6 42. Re7 Qxe7 43. Qxe7) 40... Qe5 41. Rxc4 Qxf5 42. Qf4 Qxf4+ 43. Rxf4 {[%emt 0:00:03] And now Rb4 would win.} Bd5 44. Nc5 {[%emt 0:00:37] White wants to mate with Nd7.} Rd8 {
[%emt 0:01:26] Inhibits Nd7.} 45. Rd4 {[%emt 0:00:49] Weighted Error Value:
White=0.45/Black=0.65} 1-0